Bruins vs Penguins

Created - Friday, January 09, 2015 at 00:15

Goals
1 2 3 T
Bruins 2 0 0 2
Penguins 1 0 0 1
Shots
1 2 3 T
Bruins 15 4 6 25
Penguins 11 8 13 32

1st period

1. Bruins , T.J. Oshie 14 (Jonas Brodin) at 3:19
2. Penguins , Dan Hamhuis 7 (Raphael Diaz, Vladimir Tarasenko) at 10:17
3. Bruins , Ryan O'Reilly 26 (T.J. Oshie, Shea Weber) at 19:11

Penalties :
David Legwand (Pit) for Holding Stick (Minor) at 6:36, Raman Hrabarenka (Bos) for Holding (Minor) at 10:24, Shea Weber (Bos) for Hooking (Minor) at 15:22

2nd period

No Goal

Penalties :
Jesse Winchester (Bos) for Roughing (Minor) at 2:53, Chris Butler (Pit) for Hooking (Minor) at 5:50, Andre Benoit (Bos) for Hooking (Minor) at 9:52

3rd period

No Goal

Penalties :
Tommy Wingels (Bos) for Roughing (Minor) at 12:38, T.J. Oshie (Bos) for Delaying the game (Minor) at 17:16

Goalie Stats

Jonathan Quick (Bos), 31 saves from 32 shots - (0.969), W, 25-5-3, 60:00 minutes
Ryan Miller (Pit), 23 saves from 25 shots - (0.920), L, 16-10-7, 59:34 minutes

Players Stats for Bruins

Player Name              G  A  P  +/- PIM S  H  SB GA TA FO     MP     PP MP  PK MP  
------------------------------------------------------------------------------------
Andre Benoit             0  0  0   0  2   1  0  2  0  2  0/0    15:39   0:00   3:11 
Anze Kopitar             0  0  0   0  0   2  2  1  3  0  8/13   19:55   2:26   0:00 
Brenden Dillon           0  0  0   1  0   2  1  2  0  5  0/0    22:17   0:00   7:35 
Jeff Petry               0  0  0   0  0   0  1  1  1  3  0/0    25:18   2:27   4:19 
Jesse Winchester         0  0  0   0  2   0  0  1  1  0  2/5     9:02   0:00   2:14 
Jonas Brodin             0  1  1   1  0   0  0  2  0  3  0/0    22:17   0:00   7:35 
Marian Hossa             0  0  0   0  0   3  1  0  0  0  0/0    14:43   1:32   0:00 
Matt Duchene             0  0  0   0  0   2  0  1  4  0  0/0    15:37   2:31   0:00 
Paul Stastny             0  0  0   1  0   4  1  0  1  0  10/16  17:40   1:32   2:12 
Radko Gudas              0  0  0   0  0   0  0  0  0  0  0/0     0:22   0:00   0:10 
Raman Hrabarenka         0  0  0   0  2   0  0  0  0  0  0/0    10:03   0:00   0:00 
Ryan O'Reilly            1  0  1   1  0   2  0  1  4  1  1/1    16:57   2:26   1:17 
Ryan Smyth               0  0  0   0  0   1  1  1  3  1  0/0    15:49   0:00   3:10 
Shea Weber               0  1  1   0  2   2  2  0  1  0  0/0    22:52   3:58   0:58 
T.J. Oshie               1  1  2   1  2   1  1  0  2  0  0/0    15:09   1:32   0:00 
Tommy Wingels            0  0  0   0  2   3  4  0  3  0  0/0    17:49   0:00   6:45 
Valeri Nichushkin        0  0  0   0  0   1  1  0  1  0  0/0     7:52   1:26   0:36 
Zemgus Girgensons        0  0  0   0  0   1  1  1  0  0  5/15   18:39   0:00   7:34 

Players Stats for Penguins

Player Name              G  A  P  +/- PIM S  H  SB GA TA FO     MP     PP MP  PK MP  
------------------------------------------------------------------------------------
Anton Volchenkov         0  0  0   0  0   1  0  1  0  0  0/0    13:11   0:00   1:53 
Chris Butler             0  0  0   0  2   1  0  0  1  2  0/0    12:34   0:00   1:00 
Chris Kelly              0  0  0  -1  0   0  0  0  0  1  0/0    11:38   0:00   2:54 
Christian Ehrhoff        0  0  0   0  0   2  1  1  0  4  0/0    25:43   7:00   0:15 
Dan Hamhuis              1  0  1  -1  0   3  1  2  1  4  0/0    21:50   4:54   2:43 
David Legwand            0  0  0   1  2   0  1  0  0  0  2/6    16:47   5:28   0:00 
Elias Lindholm           0  0  0   0  0   1  0  0  5  0  2/3    11:28   0:00   0:00 
Jimmy Hayes              0  0  0  -1  0   1  1  0  0  0  0/0     8:35   0:00   0:00 
Marcus Foligno           0  0  0   0  0   2  0  1  0  1  0/0    12:40   0:00   1:04 
Mark Giordano            0  0  0   0  0   8  1  3  1  3  0/0    27:42   7:00   2:05 
Mikael Granlund          0  0  0  -1  0   1  2  0  2  0  10/19  19:03   6:26   0:00 
Nail Yakupov             0  0  0   1  0   0  1  1  0  0  0/1    16:39   5:28   0:00 
Nate Thompson            0  0  0  -1  0   0  1  1  1  0  1/4     9:47   0:00   1:04 
Nathan MacKinnon         0  0  0  -1  0   3  1  0  4  0  0/0    19:34   5:28   0:19 
Patrick Sharp            0  0  0  -1  0   0  2  0  0  0  0/0    19:03   6:26   0:00 
Paul Gaustad             0  0  0   0  0   4  3  0  1  0  8/14   14:12   0:00   2:35 
Raphael Diaz             0  1  1  -1  0   0  0  0  1  1  0/0    19:07   4:54   0:00 
Vladimir Tarasenko       0  1  1   1  0   5  0  1  4  1  1/3    16:27   6:26   0:00 

3 Stars

1 - Jonathan Quick (Bos)
2 - T.J. Oshie (Bos)
3 - Ryan O'Reilly (Bos)

Power Play

Bruins - 0 on 2 Attempt(s) - 0.00%
Penguins - 0 on 6 Attempt(s) - 0.00%

Penalty Kill

Bruins - 6 on 6 Attempt(s) - 100.00% - Score 0 goal in Penalty Kill
Penguins - 2 on 2 Attempt(s) - 100.00% - Score 0 goal in Penalty Kill

Team Stat

Bruins - Hits : 16 - Faceoff Wins : 26 - Blocked Shots : 13 - Penalty Minutes : 12
Penguins - Hits : 15 - Faceoff Wins : 24 - Blocked Shots : 11 - Penalty Minutes : 4

Official

Referees : Unknown
Linesman : Unknown

Game Notes

No Game Note

Finance

Level 1 -- Attendance: 5071 (84.52%) -- Ticket Income $456,390
Level 2 -- Attendance: 4776 (95.52%) -- Ticket Income $253,128
Level 3 -- Attendance: 1764 (88.20%) -- Ticket Income $52,920
Level 4 -- Attendance: 4000 (100.00%) -- Ticket Income $64,000
Luxury Box -- Attendance: 999 (99.90%) -- Ticket Income $178,821
Game was played at the Consol Energy Center'
Total Attendance: 16610 (92.28%)
Total Ticket Income: $1,005,259
Other Income: $492,577
Total Income: $1,497,836

Bruins

5 vs 5 Forward 
   Center                   Left Wing                Right Wing               Time % Phy DF OF 
 1 Anze Kopitar             Matt Duchene             Marian Hossa             40     1   2  2  
 2 Paul Stastny             Ryan O'Reilly            T.J. Oshie               30     1   2  2  
 3 Zemgus Girgensons        Ryan Smyth               Tommy Wingels            20     1   2  2  
 4 Jesse Winchester         Valeri Nichushkin        Anze Kopitar             10     2   2  1  

5 vs 5 Defense 
   Defense                  Defense                                           Time % Phy DF OF 
 1 Shea Weber               Jeff Petry                                        40     1   2  2  
 2 Brenden Dillon           Jonas Brodin                                      35     1   2  2  
 3 Raman Hrabarenka         Andre Benoit                                      20     1   2  2  
 4 Shea Weber               Jeff Petry                                        5      1   2  2  

PowerPlay Forward 
   Center                   Left Wing                Right Wing               Time % Phy DF OF 
 1 Anze Kopitar             Matt Duchene             Ryan O'Reilly            60     1   0  4  
 2 Paul Stastny             T.J. Oshie               Marian Hossa             40     1   0  4  

PowerPlay Defense
   Defense                  Defense                                           Time % Phy DF OF 
 1 Shea Weber               Jeff Petry                                        60     1   1  3  
 2 Shea Weber               Matt Duchene                                      40     1   1  3  

Penalty Kill 4 Players Forward 
   Center                   Wing                     Time % Phy DF OF 
 1 Zemgus Girgensons        Tommy Wingels            60     1   3  1  
 2 Jesse Winchester         Ryan Smyth               40     1   3  1  

Penalty Kill 4 Players Defense
   Defense                  Defense                  Time % Phy DF OF 
 1 Brenden Dillon           Jonas Brodin             50     1   3  1  
 2 Jeff Petry               Andre Benoit             50     1   3  1  

Penalty Kill - 3 Players Forward 
   Forward                                           Time % Phy DF OF 
 1 Zemgus Girgensons                                 60     1   4  0  
 2 Jesse Winchester                                  40     1   4  0  

Penalty Kill - 3 Players Defense
   Defense                  Defense                  Time % Phy DF OF 
 1 Jonas Brodin             Brenden Dillon           55     1   4  0  
 2 Jeff Petry               Andre Benoit             45     1   4  0  

4 vs 4 Forward 
   Center                   Wing                     Time % Phy DF OF 
 1 Anze Kopitar             Marian Hossa             60     1   1  3  
 2 Paul Stastny             Matt Duchene             40     1   2  2  

4 vs 4 Defense
   Defense                  Defense                  Time % Phy DF OF 
 1 Shea Weber               Jeff Petry               60     1   2  2  
 2 Brenden Dillon           Jonas Brodin             40     1   2  2  

Last Minutes Offensive
   Center                   Left Wing                Right Wing               Defense                  Defense                  
   Anze Kopitar             Matt Duchene             Marian Hossa             Shea Weber               Raman Hrabarenka         

Last Minutes Defensive
   Center                   Left Wing                Right Wing               Defense                  Defense                  
   Anze Kopitar             Ryan O'Reilly            Marian Hossa             Shea Weber               Jeff Petry               

Goaltenders
Starting : Jonathan Quick           
Backup : Peter Budaj              

Extra Forwards
Normal : Valeri Nichushkin, Tommy Wingels, Ryan Smyth - PP : Valeri Nichushkin, Tommy Wingels - PK : Paul Stastny
Extra Defensemen
Normal : Brenden Dillon, Andre Benoit, Shea Weber - PP : Andre Benoit - PK : Andre Benoit, Shea Weber
Penalty Shots
T.J. Oshie, Ryan O'Reilly, Anze Kopitar, Matt Duchene, Valeri Nichushkin

Penguins

5 vs 5 Forward 
   Center                   Left Wing                Right Wing               Time % Phy DF OF 
 1 Mikael Granlund          Patrick Sharp            Nathan MacKinnon         35     1   2  2  
 2 David Legwand            Nail Yakupov             Vladimir Tarasenko       30     1   2  2  
 3 Paul Gaustad             Marcus Foligno           Elias Lindholm           22     1   2  2  
 4 Nate Thompson            Jimmy Hayes              Chris Kelly              13     1   2  2  

5 vs 5 Defense 
   Defense                  Defense                                           Time % Phy DF OF 
 1 Mark Giordano            Christian Ehrhoff                                 40     1   2  2  
 2 Raphael Diaz             Dan Hamhuis                                       35     1   2  2  
 3 Chris Butler             Anton Volchenkov                                  20     1   2  2  
 4 Mark Giordano            Christian Ehrhoff                                 5      1   2  2  

PowerPlay Forward 
   Center                   Left Wing                Right Wing               Time % Phy DF OF 
 1 Mikael Granlund          Patrick Sharp            Vladimir Tarasenko       60     1   1  3  
 2 David Legwand            Nail Yakupov             Nathan MacKinnon         40     1   1  3  

PowerPlay Defense
   Defense                  Defense                                           Time % Phy DF OF 
 1 Mark Giordano            Christian Ehrhoff                                 60     1   1  3  
 2 Dan Hamhuis              Raphael Diaz                                      40     1   1  3  

Penalty Kill 4 Players Forward 
   Center                   Wing                     Time % Phy DF OF 
 1 Paul Gaustad             Chris Kelly              60     1   3  1  
 2 Nate Thompson            Marcus Foligno           40     1   3  1  

Penalty Kill 4 Players Defense
   Defense                  Defense                  Time % Phy DF OF 
 1 Anton Volchenkov         Dan Hamhuis              60     1   3  1  
 2 Chris Butler             Mark Giordano            40     1   3  1  

Penalty Kill - 3 Players Forward 
   Forward                                           Time % Phy DF OF 
 1 Paul Gaustad                                      60     1   3  1  
 2 Nate Thompson                                     40     1   3  1  

Penalty Kill - 3 Players Defense
   Defense                  Defense                  Time % Phy DF OF 
 1 Anton Volchenkov         Dan Hamhuis              60     1   3  1  
 2 Chris Butler             Mark Giordano            40     1   3  1  

4 vs 4 Forward 
   Center                   Wing                     Time % Phy DF OF 
 1 Mikael Granlund          Patrick Sharp            60     1   2  2  
 2 David Legwand            Nathan MacKinnon         40     1   2  2  

4 vs 4 Defense
   Defense                  Defense                  Time % Phy DF OF 
 1 Mark Giordano            Christian Ehrhoff        60     1   2  2  
 2 Dan Hamhuis              Anton Volchenkov         40     1   2  2  

Last Minutes Offensive
   Center                   Left Wing                Right Wing               Defense                  Defense                  
   Mikael Granlund          Patrick Sharp            Nathan MacKinnon         Mark Giordano            Christian Ehrhoff        

Last Minutes Defensive
   Center                   Left Wing                Right Wing               Defense                  Defense                  
   Mikael Granlund          Patrick Sharp            Nathan MacKinnon         Mark Giordano            Christian Ehrhoff        

Goaltenders
Starting : Ryan Miller              
Backup : Alex Stalock             

Extra Forwards
Normal : Nathan MacKinnon, Nail Yakupov, Marcus Foligno - PP : Nathan MacKinnon, Nail Yakupov - PK : Paul Gaustad
Extra Defensemen
Normal : Dan Hamhuis, Christian Ehrhoff, Chris Butler - PP : Dan Hamhuis - PK : Dan Hamhuis, Christian Ehrhoff
Penalty Shots
Patrick Sharp, Paul Gaustad, Nathan MacKinnon, Vladimir Tarasenko, David Legwand

% Time on Ice - Bruins

Lines # - Real PCT - Wanted PCT - Time Play
Normal Forward
1 - 29% - 40% - 12:50
2 - 36% - 30% - 15:34
3 - 24% - 20% - 10:31
4 - 11% - 10% - 4:41
Normal Defense
1 - 34% - 40% - 14:44
2 - 41% - 35% - 17:45
3 - 23% - 20% - 10:04
4 - 2% - 5% - 1:03
PP Forward
1 - 61% - 60% - 2:26
2 - 39% - 40% - 1:32
PP Defense
1 - 62% - 60% - 2:27
2 - 38% - 40% - 1:31
PK Forward
1 - 73% - 60% - 8:44
2 - 27% - 40% - 3:10
PK Defense
1 - 64% - 50% - 7:35
2 - 36% - 50% - 4:19
PK3 Forward
1 - 0% - 60%
2 - 0% - 40%
PK3 Defense
1 - 0% - 55%
2 - 0% - 45%
44 Forward
1 - 0% - 60%
2 - 0% - 40%
44 Defense
1 - 0% - 60%
2 - 0% - 40%
Last Minute Offensive  - 0:00
Last Minute Defensive  - 0:32
Total
Forward - 60:00
Defense - 60:00

% Time on Ice - Penguins

Lines # - Real PCT - Wanted PCT - Time Play
Normal Forward
1 - 28% - 35% - 12:08
2 - 26% - 30% - 11:19
3 - 26% - 22% - 11:28
4 - 20% - 13% - 8:35
Normal Defense
1 - 38% - 40% - 16:44
2 - 33% - 35% - 14:30
3 - 26% - 20% - 11:18
4 - 2% - 5% - 0:58
PP Forward
1 - 54% - 60% - 6:26
2 - 46% - 40% - 5:28
PP Defense
1 - 59% - 60% - 7:00
2 - 41% - 40% - 4:54
PK Forward
1 - 73% - 60% - 2:54
2 - 27% - 40% - 1:04
PK Defense
1 - 47% - 60% - 1:53
2 - 53% - 40% - 2:05
PK3 Forward
1 - 0% - 60%
2 - 0% - 40%
PK3 Defense
1 - 0% - 60%
2 - 0% - 40%
44 Forward
1 - 0% - 60%
2 - 0% - 40%
44 Defense
1 - 0% - 60%
2 - 0% - 40%
Last Minute Offensive  - 0:38
Last Minute Defensive  - 0:00
Total
Forward - 60:00
Defense - 60:00

Play by Play

1st period


0:01 of 1st period - Anze Kopitar wins face-off versus Mikael Granlund in neutral zone.
1:31 of 1st period - Wrist shot by Tommy Wingels.
1:31 of 1st period - Stopped by Ryan Miller with a rebound.
1:33 of 1st period - Snap shot by Zemgus Girgensons.
1:33 of 1st period - Stopped by Ryan Miller with a rebound.
1:37 of 1st period - Wrist shot by Ryan Smyth.
1:37 of 1st period - Shot Blocked by Marcus Foligno.
1:39 of 1st period - Backhand shot by Zemgus Girgensons.
1:39 of 1st period - Shot Misses the Net.
1:41 of 1st period - Slapshot by Andre Benoit.
1:41 of 1st period - Stopped by Ryan Miller without a rebound.
1:42 of 1st period - Paul Gaustad wins face-off versus Zemgus Girgensons in Penguins zone.
2:05 of 1st period - Wrist shot by Tommy Wingels.
2:05 of 1st period - Stopped by Ryan Miller with a rebound.
2:07 of 1st period - Slapshot by Brenden Dillon.
2:07 of 1st period - Stopped by Ryan Miller with a rebound.
2:09 of 1st period - Slapshot by Tommy Wingels.
2:09 of 1st period - Deflect By Ryan Smyth.
2:09 of 1st period - Shot Blocked by Dan Hamhuis.
2:09 of 1st period - Puck is out of play.
2:10 of 1st period - Jesse Winchester wins face-off versus Nate Thompson in Penguins zone.
3:19 of 1st period - Snap shot by T.J. Oshie.
3:19 of 1st period - Goal by T.J. Oshie - Bruins : 1 - Penguins : 0.
3:20 of 1st period - Paul Stastny wins face-off versus Nail Yakupov in neutral zone.
3:30 of 1st period - Wrist shot by Vladimir Tarasenko.
3:30 of 1st period - Stopped by Jonathan Quick with a rebound.
3:47 of 1st period - Snap shot by Vladimir Tarasenko.
3:47 of 1st period - Stopped by Jonathan Quick with a rebound.
4:17 of 1st period - Snap shot by Ryan Smyth.
4:17 of 1st period - Stopped by Ryan Miller without a rebound.
4:18 of 1st period - Mikael Granlund wins face-off versus Zemgus Girgensons in Penguins zone.
4:40 of 1st period - Slapshot by Shea Weber.
4:40 of 1st period - Shot Misses the Net.
4:42 of 1st period - Slapshot by Shea Weber.
4:42 of 1st period - Stopped by Ryan Miller with a rebound.
4:44 of 1st period - Slapshot by Shea Weber.
4:44 of 1st period - Shot Misses the Net.
4:46 of 1st period - Slapshot by Shea Weber.
4:46 of 1st period - Shot Misses the Net.
5:20 of 1st period - Raman Hrabarenka is hit by Paul Gaustad and loses puck.
5:59 of 1st period - Snap shot by Nate Thompson.
5:59 of 1st period - Deflect By Andre Benoit.
5:59 of 1st period - Shot Misses the Net.
5:59 of 1st period - Puck is out of play.
6:00 of 1st period - Paul Stastny wins face-off versus Nate Thompson in Bruins zone.
6:05 of 1st period - Wrist shot by Jimmy Hayes.
6:05 of 1st period - Stopped by Jonathan Quick with a rebound.
6:07 of 1st period - Slapshot by Christian Ehrhoff.
6:07 of 1st period - Shot Misses the Net.
6:09 of 1st period - Slapshot by Chris Kelly.
6:09 of 1st period - Deflect By Nate Thompson.
6:09 of 1st period - Shot Blocked by Ryan O'Reilly.
6:09 of 1st period - Puck is out of play.
6:10 of 1st period - Paul Stastny wins face-off versus Vladimir Tarasenko in Bruins zone.
6:36 of 1st period - Minor Penalty to David Legwand for Holding Stick.
6:37 of 1st period - Anze Kopitar wins face-off versus Paul Gaustad in Penguins zone.
7:35 of 1st period - Paul Gaustad is hit by Paul Stastny.
7:43 of 1st period - Wrist shot by Paul Gaustad.
7:43 of 1st period - Stopped by Jonathan Quick with a rebound.
7:45 of 1st period - Wrist shot by Chris Kelly.
7:45 of 1st period - Shot Misses the Net.
7:47 of 1st period - Snap shot by Paul Gaustad.
7:47 of 1st period - Stopped by Jonathan Quick without a rebound.
7:48 of 1st period - Paul Gaustad wins face-off versus Anze Kopitar in Bruins zone.
8:36 of 1st period - Penalty to David Legwand is over, David Legwand is back on ice.
8:48 of 1st period - Icing by Ryan Smyth.
8:49 of 1st period - Mikael Granlund wins face-off versus Zemgus Girgensons in Bruins zone.
9:03 of 1st period - Dan Hamhuis is hit by Ryan Smyth and loses puck.
9:24 of 1st period - Christian Ehrhoff is hit by Zemgus Girgensons and loses puck.
9:53 of 1st period - Wrist shot by Valeri Nichushkin.
9:53 of 1st period - Stopped by Ryan Miller with a rebound.
9:55 of 1st period - Slapshot by Valeri Nichushkin.
9:55 of 1st period - Deflect By David Legwand.
9:55 of 1st period - Shot Misses the Net.
9:55 of 1st period - Puck is out of play.
9:56 of 1st period - Paul Stastny wins face-off versus David Legwand in Penguins zone.
10:13 of 1st period - Snap shot by Vladimir Tarasenko.
10:13 of 1st period - Stopped by Jonathan Quick with a rebound.
10:15 of 1st period - Slapshot by Raphael Diaz.
10:15 of 1st period - Shot Misses the Net.
10:17 of 1st period - Slapshot by Dan Hamhuis.
10:17 of 1st period - Goal by Dan Hamhuis - Bruins : 1 - Penguins : 1.
10:18 of 1st period - Mikael Granlund wins face-off versus Anze Kopitar in neutral zone.
10:24 of 1st period - Minor Penalty to Raman Hrabarenka for Holding.
10:25 of 1st period - Zemgus Girgensons wins face-off versus Mikael Granlund in Bruins zone.
10:37 of 1st period - Snap shot by Tommy Wingels.
10:37 of 1st period - Deflect By Mark Giordano.
10:37 of 1st period - Shot Misses the Net.
10:37 of 1st period - Puck is out of play.
10:38 of 1st period - Zemgus Girgensons wins face-off versus Mikael Granlund in Penguins zone.
11:09 of 1st period - Snap shot by Mikael Granlund.
11:09 of 1st period - Shot Misses the Net.
11:11 of 1st period - Slapshot by Christian Ehrhoff.
11:11 of 1st period - Shot Misses the Net.
11:33 of 1st period - Mark Giordano is hit by Tommy Wingels and loses puck.
12:03 of 1st period - Jeff Petry is hit by Mikael Granlund and loses puck.
12:24 of 1st period - Penalty to Raman Hrabarenka is over, Raman Hrabarenka is back on ice.
12:43 of 1st period - Wrist shot by Anze Kopitar.
12:43 of 1st period - Stopped by Ryan Miller with a rebound.
12:45 of 1st period - Snap shot by Jeff Petry.
12:45 of 1st period - Shot Misses the Net.
12:51 of 1st period - Snap shot by Matt Duchene.
12:51 of 1st period - Stopped by Ryan Miller without a rebound.
12:52 of 1st period - Paul Stastny wins face-off versus Paul Gaustad in Penguins zone.
13:07 of 1st period - Snap shot by Ryan O'Reilly.
13:07 of 1st period - Stopped by Ryan Miller without a rebound.
13:08 of 1st period - Paul Stastny wins face-off versus Paul Gaustad in Penguins zone.
13:30 of 1st period - Slapshot by Brenden Dillon.
13:30 of 1st period - Stopped by Ryan Miller with a rebound.
14:59 of 1st period - Jeff Petry is hit by Patrick Sharp.
15:03 of 1st period - Snap shot by Ryan O'Reilly.
15:03 of 1st period - Shot Misses the Net.
15:22 of 1st period - Minor Penalty to Shea Weber for Hooking.
15:23 of 1st period - Mikael Granlund wins face-off versus Zemgus Girgensons in Bruins zone.
15:36 of 1st period - Snap shot by Vladimir Tarasenko.
15:36 of 1st period - Deflect By Tommy Wingels.
15:36 of 1st period - Shot Misses the Net.
15:36 of 1st period - Puck is out of play.
15:37 of 1st period - Zemgus Girgensons wins face-off versus Mikael Granlund in Bruins zone.
15:57 of 1st period - Raphael Diaz is hit by Brenden Dillon and loses puck.
16:46 of 1st period - Christian Ehrhoff is hit by Tommy Wingels and loses puck.
17:22 of 1st period - Penalty to Shea Weber is over, Shea Weber is back on ice.
17:26 of 1st period - Shea Weber is hit by Nathan MacKinnon and loses puck.
17:48 of 1st period - Icing by Shea Weber.
17:49 of 1st period - Elias Lindholm wins face-off versus Jesse Winchester in Bruins zone.
18:14 of 1st period - Wrist shot by Marcus Foligno.
18:14 of 1st period - Stopped by Jonathan Quick with a rebound.
18:55 of 1st period - Snap shot by Matt Duchene.
18:55 of 1st period - Stopped by Ryan Miller with a rebound.
18:57 of 1st period - Slapshot by Jeff Petry.
18:57 of 1st period - Shot Misses the Net.
19:09 of 1st period - Slapshot by T.J. Oshie.
19:09 of 1st period - Shot Misses the Net.
19:11 of 1st period - Snap shot by Ryan O'Reilly.
19:11 of 1st period - Goal by Ryan O'Reilly - Bruins : 2 - Penguins : 1.
19:12 of 1st period - Mikael Granlund wins face-off versus Paul Stastny in neutral zone.
19:19 of 1st period - Wrist shot by Nathan MacKinnon.
19:19 of 1st period - Stopped by Jonathan Quick without a rebound.
19:20 of 1st period - Mikael Granlund wins face-off versus Paul Stastny in Bruins zone.
19:33 of 1st period - Slapshot by Nathan MacKinnon.
19:33 of 1st period - Stopped by Jonathan Quick with a rebound.
19:45 of 1st period - Snap shot by Paul Stastny.
19:45 of 1st period - Shot Misses the Net.
19:57 of 1st period - Slapshot by Mark Giordano.
19:57 of 1st period - Stopped by Jonathan Quick with a rebound.
Goals for this period are 2 for Bruins vs 1 for Penguins.
Shots for this period are 15 for Bruins vs 11 for Penguins.

2nd period


0:01 of 2nd period - Mikael Granlund wins face-off versus Anze Kopitar in neutral zone.
2:53 of 2nd period - Minor Penalty to Jesse Winchester for Roughing.
2:54 of 2nd period - Vladimir Tarasenko wins face-off versus Zemgus Girgensons in Bruins zone.
3:13 of 2nd period - Wrist shot by Vladimir Tarasenko.
3:13 of 2nd period - Shot Blocked by Zemgus Girgensons.
3:29 of 2nd period - Snap shot by Mikael Granlund.
3:29 of 2nd period - Stopped by Jonathan Quick without a rebound.
3:30 of 2nd period - David Legwand wins face-off versus Zemgus Girgensons in Bruins zone.
3:46 of 2nd period - Snap shot by Paul Stastny.
3:46 of 2nd period - Stopped by Ryan Miller with a rebound.
4:22 of 2nd period - Jeff Petry is hit by Patrick Sharp and loses puck.
4:53 of 2nd period - Penalty to Jesse Winchester is over, Jesse Winchester is back on ice.
5:08 of 2nd period - Jeff Petry is hit by Paul Gaustad and loses puck.
5:50 of 2nd period - Minor Penalty to Chris Butler for Hooking.
5:51 of 2nd period - Paul Gaustad wins face-off versus Anze Kopitar in Penguins zone.
6:02 of 2nd period - Wrist shot by Chris Kelly.
6:02 of 2nd period - Shot Misses the Net.
6:12 of 2nd period - Snap shot by Paul Gaustad.
6:12 of 2nd period - Stopped by Jonathan Quick without a rebound.
6:13 of 2nd period - Anze Kopitar wins face-off versus Paul Gaustad in Bruins zone.
6:18 of 2nd period - Chris Kelly is hit by Shea Weber and loses puck.
7:26 of 2nd period - Snap shot by Matt Duchene.
7:26 of 2nd period - Shot Blocked by Anton Volchenkov.
7:32 of 2nd period - Anze Kopitar is hit by Nate Thompson and loses puck.
7:39 of 2nd period - Slapshot by Mark Giordano.
7:39 of 2nd period - Shot Misses the Net.
7:50 of 2nd period - Penalty to Chris Butler is over, Chris Butler is back on ice.
7:57 of 2nd period - Wrist shot by Christian Ehrhoff.
7:57 of 2nd period - Stopped by Jonathan Quick without a rebound.
7:58 of 2nd period - Mikael Granlund wins face-off versus Paul Stastny in Bruins zone.
8:20 of 2nd period - Wrist shot by Nathan MacKinnon.
8:20 of 2nd period - Shot Blocked by Ryan Smyth.
8:22 of 2nd period - Slapshot by Anton Volchenkov.
8:22 of 2nd period - Deflect By Nathan MacKinnon.
8:22 of 2nd period - Shot Misses the Net.
8:22 of 2nd period - Puck is out of play.
8:23 of 2nd period - Zemgus Girgensons wins face-off versus David Legwand in Bruins zone.
8:30 of 2nd period - Wrist shot by Zemgus Girgensons.
8:30 of 2nd period - Shot Misses the Net.
8:56 of 2nd period - Slapshot by Mark Giordano.
8:56 of 2nd period - Shot Blocked by Jonas Brodin.
8:58 of 2nd period - Snap shot by Mark Giordano.
8:58 of 2nd period - Deflect By Vladimir Tarasenko.
8:58 of 2nd period - Stopped by Jonathan Quick without a rebound.
8:59 of 2nd period - Anze Kopitar wins face-off versus Mikael Granlund in Bruins zone.
9:12 of 2nd period - Slapshot by Marian Hossa.
9:12 of 2nd period - Stopped by Ryan Miller without a rebound.
9:13 of 2nd period - Mikael Granlund wins face-off versus Anze Kopitar in Penguins zone.
9:18 of 2nd period - Wrist shot by Nathan MacKinnon.
9:18 of 2nd period - Shot Misses the Net.
9:52 of 2nd period - Minor Penalty to Andre Benoit for Hooking.
9:53 of 2nd period - Zemgus Girgensons wins face-off versus David Legwand in Bruins zone.
10:20 of 2nd period - Zemgus Girgensons is hit by Mark Giordano and loses puck.
11:37 of 2nd period - Dan Hamhuis is hit by Tommy Wingels and loses puck.
11:52 of 2nd period - Penalty to Andre Benoit is over, Andre Benoit is back on ice.
12:26 of 2nd period - Raphael Diaz is hit by Anze Kopitar and loses puck.
12:51 of 2nd period - Backhand shot by Marian Hossa.
12:51 of 2nd period - Stopped by Ryan Miller without a rebound.
12:52 of 2nd period - Paul Gaustad wins face-off versus Paul Stastny in Penguins zone.
13:21 of 2nd period - Off-side.
13:22 of 2nd period - Anze Kopitar wins face-off versus Nate Thompson in neutral zone.
13:47 of 2nd period - Snap shot by Jimmy Hayes.
13:47 of 2nd period - Shot Misses the Net.
13:51 of 2nd period - Slapshot by Christian Ehrhoff.
13:51 of 2nd period - Stopped by Jonathan Quick without a rebound.
13:52 of 2nd period - Paul Stastny wins face-off versus Paul Gaustad in Bruins zone.
14:01 of 2nd period - Snap shot by Ryan O'Reilly.
14:01 of 2nd period - Shot Misses the Net.
14:08 of 2nd period - Paul Stastny is hit by Paul Gaustad and loses puck.
14:19 of 2nd period - Slapshot by Chris Butler.
14:19 of 2nd period - Shot Blocked by Brenden Dillon.
14:53 of 2nd period - Slapshot by Tommy Wingels.
14:53 of 2nd period - Shot Misses the Net.
15:52 of 2nd period - Mark Giordano is hit by Anze Kopitar and loses puck.
16:11 of 2nd period - Snap shot by David Legwand.
16:11 of 2nd period - Shot Misses the Net.
16:13 of 2nd period - Slapshot by Dan Hamhuis.
16:13 of 2nd period - Stopped by Jonathan Quick with a rebound.
16:15 of 2nd period - Slapshot by Dan Hamhuis.
16:15 of 2nd period - Stopped by Jonathan Quick without a rebound.
16:16 of 2nd period - Paul Gaustad wins face-off versus Jesse Winchester in Bruins zone.
17:11 of 2nd period - Christian Ehrhoff is hit by T.J. Oshie and loses puck.
18:17 of 2nd period - Wrist shot by Tommy Wingels.
18:17 of 2nd period - Deflect By Zemgus Girgensons.
18:17 of 2nd period - Shot Misses the Net.
18:17 of 2nd period - Puck is out of play.
18:18 of 2nd period - Nate Thompson wins face-off versus Zemgus Girgensons in Penguins zone.
18:18 of 2nd period - Nate Thompson is hit by Jeff Petry.
18:42 of 2nd period - Snap shot by Tommy Wingels.
18:42 of 2nd period - Stopped by Ryan Miller with a rebound.
18:44 of 2nd period - Slapshot by Jonas Brodin.
18:44 of 2nd period - Shot Blocked by Nate Thompson.
18:55 of 2nd period - Off-side.
18:56 of 2nd period - Paul Stastny wins face-off versus Paul Gaustad in neutral zone.
19:12 of 2nd period - Wrist shot by Mark Giordano.
19:12 of 2nd period - Stopped by Jonathan Quick with a rebound.
Goals for this period are 0 for Bruins vs 0 for Penguins.
Shots for this period are 4 for Bruins vs 8 for Penguins.

3rd period


0:01 of 3rd period - Anze Kopitar wins face-off versus Mikael Granlund in neutral zone.
0:06 of 3rd period - Slapshot by Marian Hossa.
0:06 of 3rd period - Shot Misses the Net.
0:28 of 3rd period - Snap shot by Nathan MacKinnon.
0:28 of 3rd period - Shot Blocked by Matt Duchene.
0:30 of 3rd period - Slapshot by Christian Ehrhoff.
0:30 of 3rd period - Shot Misses the Net.
0:32 of 3rd period - Slapshot by Mark Giordano.
0:32 of 3rd period - Stopped by Jonathan Quick with a rebound.
0:54 of 3rd period - Ryan Smyth is hit by Nail Yakupov and loses puck.
1:01 of 3rd period - Wrist shot by Shea Weber.
1:01 of 3rd period - Shot Blocked by Nail Yakupov.
1:03 of 3rd period - Slapshot by Jonas Brodin.
1:03 of 3rd period - Shot Blocked by Christian Ehrhoff.
1:05 of 3rd period - Snap shot by Ryan Smyth.
1:05 of 3rd period - Shot Blocked by Vladimir Tarasenko.
1:07 of 3rd period - Slapshot by Brenden Dillon.
1:07 of 3rd period - Shot Blocked by Mark Giordano.
1:09 of 3rd period - Snap shot by Tommy Wingels.
1:09 of 3rd period - Shot Misses the Net.
1:11 of 3rd period - Slapshot by Jonas Brodin.
1:11 of 3rd period - Shot Blocked by Mark Giordano.
1:13 of 3rd period - Wrist shot by Brenden Dillon.
1:13 of 3rd period - Deflect By Zemgus Girgensons.
1:13 of 3rd period - Shot Misses the Net.
1:13 of 3rd period - Puck is out of play.
1:14 of 3rd period - Elias Lindholm wins face-off versus Paul Stastny in Penguins zone.
1:35 of 3rd period - Snap shot by Paul Stastny.
1:35 of 3rd period - Stopped by Ryan Miller with a rebound.
2:23 of 3rd period - Off-side.
2:24 of 3rd period - Anze Kopitar wins face-off versus Mikael Granlund in neutral zone.
2:40 of 3rd period - Wrist shot by Matt Duchene.
2:40 of 3rd period - Shot Misses the Net.
3:00 of 3rd period - Snap shot by Matt Duchene.
3:00 of 3rd period - Shot Misses the Net.
3:02 of 3rd period - Slapshot by Shea Weber.
3:02 of 3rd period - Shot Misses the Net.
3:49 of 3rd period - Snap shot by David Legwand.
3:49 of 3rd period - Shot Misses the Net.
3:51 of 3rd period - Snap shot by Mark Giordano.
3:51 of 3rd period - Stopped by Jonathan Quick with a rebound.
4:15 of 3rd period - Ryan O'Reilly is hit by Jimmy Hayes and loses puck.
4:24 of 3rd period - Snap shot by Nate Thompson.
4:24 of 3rd period - Shot Blocked by Andre Benoit.
4:52 of 3rd period - Snap shot by Marcus Foligno.
4:52 of 3rd period - Shot Blocked by Andre Benoit.
4:54 of 3rd period - Slapshot by Raphael Diaz.
4:54 of 3rd period - Shot Blocked by Jesse Winchester.
4:56 of 3rd period - Slapshot by Dan Hamhuis.
4:56 of 3rd period - Shot Misses the Net.
4:58 of 3rd period - Snap shot by Marcus Foligno.
4:58 of 3rd period - Stopped by Jonathan Quick with a rebound.
5:06 of 3rd period - Raphael Diaz is hit by Valeri Nichushkin and loses puck.
5:37 of 3rd period - Snap shot by Nathan MacKinnon.
5:37 of 3rd period - Stopped by Jonathan Quick with a rebound.
5:39 of 3rd period - Slapshot by Chris Butler.
5:39 of 3rd period - Shot Blocked by Anze Kopitar.
5:41 of 3rd period - Snap shot by Anton Volchenkov.
5:41 of 3rd period - Stopped by Jonathan Quick without a rebound.
5:42 of 3rd period - Paul Stastny wins face-off versus David Legwand in Bruins zone.
5:47 of 3rd period - Slapshot by Paul Stastny.
5:47 of 3rd period - Stopped by Ryan Miller with a rebound.
6:01 of 3rd period - Snap shot by Vladimir Tarasenko.
6:01 of 3rd period - Stopped by Jonathan Quick with a rebound.
6:03 of 3rd period - Slapshot by Vladimir Tarasenko.
6:03 of 3rd period - Shot Blocked by Brenden Dillon.
6:05 of 3rd period - Slapshot by Mark Giordano.
6:05 of 3rd period - Stopped by Jonathan Quick with a rebound.
6:25 of 3rd period - Anze Kopitar is hit by Christian Ehrhoff and loses puck.
7:10 of 3rd period - Slapshot by Shea Weber.
7:10 of 3rd period - Shot Blocked by Dan Hamhuis.
7:30 of 3rd period - Ryan O'Reilly is hit by Mikael Granlund and loses puck.
8:02 of 3rd period - Raphael Diaz is hit by Marian Hossa and loses puck.
8:50 of 3rd period - Snap shot by Chris Butler.
8:50 of 3rd period - Stopped by Jonathan Quick without a rebound.
8:51 of 3rd period - Paul Gaustad wins face-off versus Jesse Winchester in Bruins zone.
8:54 of 3rd period - Slapshot by Elias Lindholm.
8:54 of 3rd period - Stopped by Jonathan Quick without a rebound.
8:55 of 3rd period - Jesse Winchester wins face-off versus Elias Lindholm in Bruins zone.
9:00 of 3rd period - Wrist shot by Shea Weber.
9:00 of 3rd period - Deflect By Mark Giordano.
9:00 of 3rd period - Stopped by Ryan Miller with a rebound.
9:03 of 3rd period - Icing by Mark Giordano.
9:04 of 3rd period - Paul Gaustad wins face-off versus Paul Stastny in Penguins zone.
9:17 of 3rd period - Slapshot by Mark Giordano.
9:17 of 3rd period - Shot Blocked by Jeff Petry.
9:19 of 3rd period - Wrist shot by Paul Gaustad.
9:19 of 3rd period - Stopped by Jonathan Quick with a rebound.
9:21 of 3rd period - Slapshot by Mark Giordano.
9:21 of 3rd period - Stopped by Jonathan Quick without a rebound.
9:22 of 3rd period - Paul Stastny wins face-off versus Vladimir Tarasenko in Bruins zone.
9:35 of 3rd period - Wrist shot by T.J. Oshie.
9:35 of 3rd period - Shot Blocked by Mark Giordano.
9:37 of 3rd period - Slapshot by Brenden Dillon.
9:37 of 3rd period - Shot Misses the Net.
9:51 of 3rd period - Wrist shot by Paul Stastny.
9:51 of 3rd period - Stopped by Ryan Miller without a rebound.
9:52 of 3rd period - Paul Gaustad wins face-off versus Zemgus Girgensons in Penguins zone.
10:13 of 3rd period - Raphael Diaz is hit by Shea Weber and loses puck.
11:57 of 3rd period - Raman Hrabarenka is hit by David Legwand and loses puck.
12:38 of 3rd period - Minor Penalty to Tommy Wingels for Roughing.
12:39 of 3rd period - Mikael Granlund wins face-off versus Zemgus Girgensons in Bruins zone.
13:05 of 3rd period - Backhand shot by Vladimir Tarasenko.
13:05 of 3rd period - Shot Misses the Net.
13:43 of 3rd period - Snap shot by Mark Giordano.
13:43 of 3rd period - Deflect By Ryan O'Reilly.
13:43 of 3rd period - Stopped by Jonathan Quick without a rebound.
13:44 of 3rd period - Ryan O'Reilly wins face-off versus Mikael Granlund in Bruins zone.
14:38 of 3rd period - Penalty to Tommy Wingels is over, Tommy Wingels is back on ice.
14:42 of 3rd period - Dan Hamhuis is hit by Tommy Wingels and loses puck.
15:22 of 3rd period - Jonas Brodin is hit by Dan Hamhuis.
15:40 of 3rd period - Slapshot by Marian Hossa.
15:40 of 3rd period - Stopped by Ryan Miller with a rebound.
15:42 of 3rd period - Slapshot by Marian Hossa.
15:42 of 3rd period - Shot Misses the Net.
15:44 of 3rd period - Slapshot by Brenden Dillon.
15:44 of 3rd period - Shot Misses the Net.
17:16 of 3rd period - Minor Penalty to T.J. Oshie for Delaying the game.
17:17 of 3rd period - David Legwand wins face-off versus Zemgus Girgensons in Bruins zone.
18:50 of 3rd period - Snap shot by Nathan MacKinnon.
18:50 of 3rd period - Shot Misses the Net.
19:06 of 3rd period - Penguins, Ryan Miller is pulled from the net.
19:08 of 3rd period - Snap shot by Patrick Sharp.
19:08 of 3rd period - Shot Blocked by Jonas Brodin.
19:10 of 3rd period - Slapshot by Mark Giordano.
19:10 of 3rd period - Stopped by Jonathan Quick with a rebound.
19:12 of 3rd period - Slapshot by Christian Ehrhoff.
19:12 of 3rd period - Shot Misses the Net.
19:14 of 3rd period - Slapshot by Mark Giordano.
19:14 of 3rd period - Shot Misses the Net.
19:16 of 3rd period - Penalty to T.J. Oshie is over, T.J. Oshie is back on ice.
19:18 of 3rd period - Snap shot by Vladimir Tarasenko.
19:18 of 3rd period - Shot Misses the Net.
19:31 of 3rd period - Icing by Mikael Granlund.
19:32 of 3rd period - Ryan Miller from Penguins was sent back in the game.
19:32 of 3rd period - Anze Kopitar wins face-off versus Mikael Granlund in Penguins zone.
19:59 of 3rd period - Wrist shot by Anze Kopitar.
19:59 of 3rd period - Stopped by Ryan Miller with a rebound.
Goals for this period are 0 for Bruins vs 0 for Penguins.
Shots for this period are 6 for Bruins vs 13 for Penguins.


Output by the SimonT Hockey Simulator (STHS) for Eric Dolegowski -- Original Page W3C XHTML 1.0 Valid
Hockey Simulator - Hockey Simulation - Hockey Manager